 Dungeon Crawl Stone Soup version 0.20-a0-850-ge5a7832 (webtiles) character file.

92 HEYYEYAAE the Skirmisher (level 4, -2/25 HPs)
             Began as a Vine Stalker Chaos Knight on Mar 10, 2017.
             Slain by a killer bee (4 damage)
             ... on level 2 of the Dungeon.
             The game lasted 00:01:24 (1235 turns).

HEYYEYAAE the Skirmisher (VSCK)                     Turns: 1235, Time: 00:01:25

Health: -2/25      AC:  5    Str: 15    XL:     4   Next: 60%
Magic:  0/6        EV: 11    Int: 12    God:    Xom [..*...]
Gold:   97         SH:  0    Dex: 14    Spells: 5/5 levels left

rFire    . . .     SeeInvis .   a - +0 spear (chaos)
rCold    + . .     Gourm    .   b - +2 leather armour
rNeg     . . .     Faith    .   (no shield)
rPois    .         Spirit   +   (no helmet)
rElec    .         Reflect  .   o - scarf {rC+}
rCorr    .         Harm     .   (no gloves)
MR       .....                  (no boots)
Stlth    +.........             (no amulet)
Regen    0.5/turn               (no ring)
MPRegen  0.1/turn               (no ring)

@: lethally poisoned (-2 -> -3)
A: fangs 2, regeneration 1, magic shield, antimagic bite, no potion heal 3, rot
immunity
a: Renounce Religion


You were on level 2 of the Dungeon.
You worshipped Xom.
You were a toy of Xom.
You were very hungry.

You visited 1 branch of the dungeon, and saw 2 of its levels.

You collected 97 gold pieces.

Inventory:

Hand Weapons
 a - a +0 spear of chaos (weapon)
 k - a +2 dagger of venom
Missiles
 g - 40 arrows
Armour
 b - a +2 leather armour (worn)
 o - a scarf of cold resistance (worn)
Jewellery
 j - an uncursed ring of fire
 u - an uncursed amulet of harm {unknown}
Scrolls
 d - a scroll of blinking {unknown}
 f - 4 scrolls of identify {unknown}
 i - 4 scrolls of teleportation {unknown}
 l - a scroll of recharging {unknown}
 n - a scroll of enchant armour {unknown}
 q - a scroll of remove curse {unknown}
 s - a scroll of random uselessness {unknown}
Potions
 e - a potion of brilliance {unknown}
 h - a potion of heal wounds {unknown}
 m - a potion of curing {unknown}
 p - a potion of berserk rage {unknown}
 r - a potion of degeneration {unknown}
 t - a potion of might {unknown}
Comestibles
 c - 2 bread rations


   Skills:
 * Level 3.9 Fighting
 - Level 2.6 Polearms
 + Level 2.1 Armour
 + Level 1.3 Dodging
 + Level 1.3 Spellcasting


You had 5 spell levels left.
You didn't know any spells.

Dungeon Overview and Level Annotations

Branches:
Dungeon (2/15)

Altars:
Elyvilon
Okawaru
Ru
Trog


Innate Abilities, Weirdness & Mutations

You have extremely sharp teeth.
Your natural rate of healing is unusually fast.
When hurt, damage is shared between your health and your magic reserves.
Your bite disrupts and absorbs the magic of your enemies.
Potions cannot restore your health.
You are immune to rotting.


Message History

You feel sick. The killer bee closely misses you. x2
Unknown command.
Attack whom?
Press: ? - help, Dir - move target cursor, f/p - killer bee
Aim: a killer bee (severely wounded)
You hit the killer bee.
The killer bee is severely wounded.
You feel sick. The killer bee stings you.
* * * LOW HITPOINT WARNING * * *
The killer bee misses you.
Unknown command.
Attack whom?
Press: ? - help, Dir - move target cursor, f/p - killer bee
Aim: a killer bee (severely wounded)
You closely miss the killer bee. You bite the killer bee. You drain its power.
You feel invigorated.
The killer bee is almost dead.
* * * LOW HITPOINT WARNING * * *
You feel sick. The killer bee stings you.
You die...

### #...## #.# #..
#.# #....# #.###..
#.####....###.....#
#.........#.....###
#.##.##.#.#........
##.......#.#......##
#................>..
##....##.#....#+#...
#.@..##.###....####
#.y..##.# #........
#....##.# #........
#....# ##.#.....
#....# #.#.....
##...# #.#....r
#.... ..#.....
###.## #####.#.##
.........#


You could see a killer bee.

Vanquished Creatures
  4 adders (D:2)
  2 gnolls (D:1)
  An ooze (D:1)
  A dart slug (D:1)
  2 bats (D:1)
  2 giant cockroaches
  3 goblins
  4 hobgoblins
  5 kobolds (D:1)
  A quokka (D:2)
  A ball python (D:1)
  5 rats
31 creatures vanquished.

Notes
Turn   | Place    | Note
-------+----------+-------------------------------------------
     0 | D:1      | HEYYEYAAE the Vine Stalker Chaos Knight began the quest for the Orb.
     0 | D:1      | Reached XP level 1. HP: 11/11 MP: 2/2
   115 | D:1      | Reached skill level 3 in Fighting
   144 | D:1      | Reached XP level 2. HP: 15/16 MP: 3/3
   199 | D:1      | XOM: smoke on damage
   212 | D:1      | Reached skill level 1 in Dodging
   212 | D:1      | Reached XP level 3. HP: 7/20 MP: 2/4
   395 | D:1      | XOM: smoke on damage
   744 | D:2      | Reached skill level 1 in Spellcasting
   744 | D:2      | Gained mutation: Your natural rate of healing is unusually fast. [Vine Stalker growth]
   744 | D:2      | Reached XP level 4. HP: 24/25 MP: 6/6
   896 | D:2      | Found a bloodstained altar of Trog.
   903 | D:2      | Found an iron altar of Okawaru.
  1029 | D:2      | XOM: smoke on damage
  1084 | D:2      | Found a white marble altar of Elyvilon.
  1152 | D:2      | Found a sacrificial altar of Ru.
  1173 | D:2      | XOM: silly message
  1225 | D:2      | XOM: polymorph kobold -> killer bee
  1230 | D:2      | XOM: noise
  1235 | D:2      | Slain by a killer bee

Vault maps used:
D:1:      eino_arrival_cavern_b
D:2:      lemuel_round_altar, amethyst_overflow_temple_binary,
          minmay_stone_trees_small, grunt_decor_arrowhead, elyvilon_altar_4

Skill      XL: |  1  2  3 |
---------------+----------+-----
Fighting       | 3 |  3.9
Dodging        | 1 |  1.3
Armour         | 2 |  2.1
Spellcasting   | 1 |  1.3
Polearms       | |  2.6

Action                   |  1- 3 |  4- 6 || total
-------------------------+-------+-------++-------
Melee: Spear             |    65 |    37 ||   102
       Bite              |    11 |     7 ||    18
 Stab: Sleeping          |     4 |       ||     4
       Paralysed         |     1 |       ||     1
Armor: Leather armour    |    10 |     8 ||    18
Dodge: Dodged            |    19 |    17 ||    36
